General information
- name: BNet
- type: Ladder team game (AT/RT)
- host: Battle.net
- saver: ComeBckGbyeJews
map: Cherryville
- players: 8
- length: 40:55
- speed: Fast
- version: 1.26 W3XP
- replay type: Public
» download(294 KB)
Players
team 1 (loser)
youdontsay (
red | 69 APM | 1204 actions | 17:27)
3 Far Seer
2 Feral Spirit
1 Chain Lighting
3 Shadow Hunter
2 Healing Wave
1 Hex
» actions
| Assign group hotkey | 24 | |
| Basic commands | 127 | |
| Build / train | 44 | |
| ESC pressed | 1 | |
| Enter build submenu | 15 | |
| Enter hero's abilities submenu | 6 | |
| Give item / drop item | 1 | |
| Right click | 602 | |
| Select / deselect | 163 | |
| Select group hotkey | 172 | |
| Use ability | 49 | |
1204 total
» units
| Peon | 7 | |
| Grunt | 7 | |
| Wind Rider | 4 | |
| Tauren | 1 | |
19 total
» upgrades
| Berserker Strength | 1 | |
| Envenomed Spears | 1 | |
| Armor | 1 | |
| Witch Doctor Training | 2 | |
5 total
» buildings
| Altar of Storms | 1 | |
| Orc Burrow | 6 | |
| Barracks | 2 | |
| Voodoo Lounge | 1 | |
| Stronghold | 1 | |
| Spirit Lodge | 2 | |
| Fortress | 1 | |
| Beastiary | 1 | |
| War Mill | 1 | |
| Tauren Totem | 1 | |
17 total
» build order
00:10 Altar of Storms
00:22 Orc Burrow
00:36 Barracks
01:36 Orc Burrow
01:57 Barracks
02:14 Voodoo Lounge
03:12 Orc Burrow
04:41 Stronghold
07:04 Spirit Lodge
08:19 Fortress
08:23 Beastiary
09:00 War Mill
10:52 Orc Burrow
11:24 Spirit Lodge
12:21 Orc Burrow
13:35 Tauren Totem
16:08 Orc Burrow
» items
| Healing Salve | 1 | |
| Scroll of Speed | 1 | |
| Scroll of Regeneration | 1 | |
| Lesser Clarity Potion | 1 | |
| Scroll of Town Portal | 2 | |
6 total
GOKU-OWNS-FREZA (
teal | 47 APM | 1932 actions | 40:54)
8 Dark Ranger
3 Black Arrow
3 Silence
1 Charm
1 Life Drain
» actions
| Assign group hotkey | 26 | |
| Basic commands | 169 | |
| Build / train | 58 | |
| Enter build submenu | 30 | |
| Enter hero's abilities submenu | 8 | |
| Give item / drop item | 7 | |
| Remove unit from queue | 1 | |
| Right click | 656 | |
| Select / deselect | 307 | |
| Select group hotkey | 578 | |
| Use ability | 92 | |
1932 total
» units
| Peon | 11 | |
| Grunt | 3 | |
| Goblin Shredder | 2 | |
| Wind Rider | 5 | |
| Goblin Zeppelin | 2 | |
23 total
» upgrades
| Reinforced Defenses | 1 | |
| Ranged Weapons | 3 | |
| Envenomed Spears | 1 | |
| Armor | 3 | |
| Liquid Fire | 1 | |
| Ensnare | 1 | |
10 total
» buildings
| Barracks | 1 | |
| Orc Burrow | 8 | |
| Altar of Storms | 1 | |
| Voodoo Lounge | 1 | |
| Stronghold | 1 | |
| War Mill | 1 | |
| Fortress | 1 | |
| Watch Tower | 27 | |
| Beastiary | 4 | |
| Great Hall | 2 | |
47 total
» build order
00:09 Barracks
00:23 Orc Burrow
00:40 Altar of Storms
02:00 Voodoo Lounge
02:26 Orc Burrow
02:55 Stronghold
03:32 Orc Burrow
04:11 War Mill
04:28 Orc Burrow
05:18 Fortress
05:44 Watch Tower
05:45 Watch Tower
05:46 Watch Tower
05:47 Watch Tower
06:21 Beastiary
06:49 Beastiary
08:02 Great Hall
08:05 Watch Tower
08:05 Watch Tower
08:06 Watch Tower
08:06 Watch Tower
08:07 Watch Tower
09:22 Beastiary
09:32 Beastiary
09:35 Watch Tower
09:35 Watch Tower
09:36 Watch Tower
09:36 Watch Tower
10:20 Watch Tower
10:30 Orc Burrow
12:24 Watch Tower
12:24 Watch Tower
12:44 Watch Tower
13:15 Watch Tower
13:16 Watch Tower
13:38 Orc Burrow
14:47 Watch Tower
14:47 Watch Tower
14:47 Watch Tower
15:52 Watch Tower
24:47 Orc Burrow
24:47 Orc Burrow
28:47 Great Hall
28:49 Watch Tower
28:49 Watch Tower
28:50 Watch Tower
28:50 Watch Tower
» items
| Healing Salve | 3 | |
| Staff of Teleportation | 1 | |
| Scroll of Town Portal | 3 | |
| Orb of Lightning | 1 | |
| Potion of Healing | 1 | |
| Potion of Lesser Invulnerability | 1 | |
| Scroll of Healing | 1 | |
| Scroll of Regeneration | 1 | |
| Staff of Sanctuary | 1 | |
13 total
dch (
orange | 136 APM | 4609 actions | 33:57)
6 Priestess of the Moon
3 Trueshot Aura
2 Scout
1 Starfall
3 Demon Hunter
2 Mana Burn
1 Evasion
» actions
| Assign group hotkey | 49 | |
| Basic commands | 134 | |
| Build / train | 142 | |
| ESC pressed | 21 | |
| Enter build submenu | 47 | |
| Enter hero's abilities submenu | 9 | |
| Give item / drop item | 2 | |
| Right click | 1867 | |
| Select / deselect | 787 | |
| Select group hotkey | 1301 | |
| Use ability | 250 | |
4609 total
» units
| Wisp | 37 | |
| Archer | 16 | |
| Druid of the Claw | 8 | |
| Dryad | 4 | |
65 total
» upgrades
| Druid of the Claw Training | 2 | |
| Mark of the Claw | 1 | |
| Abolish Magic | 2 | |
| Improved Bows | 1 | |
| Marksmanship | 1 | |
7 total
» buildings
| Altar of Elders | 1 | |
| Moon Well | 8 | |
| Ancient of War | 5 | |
| Ancient of Wonders | 4 | |
| Tree of Life | 4 | |
| Tree of Ages | 7 | |
| Hunter's Hall | 1 | |
| Tree of Eternity | 2 | |
| Ancient of Lore | 3 | |
| Ancient Protector | 13 | |
48 total
» build order
00:11 Altar of Elders
00:19 Moon Well
00:22 Moon Well
01:27 Ancient of War
01:35 Moon Well
01:47 Ancient of War
01:51 Ancient of War
02:05 Moon Well
03:02 Ancient of Wonders
03:26 Moon Well
03:37 Ancient of Wonders
05:02 Tree of Life
05:32 Tree of Ages
05:33 Tree of Ages
06:42 Hunter's Hall
08:02 Tree of Eternity
08:02 Tree of Eternity
08:32 Ancient of Lore
08:36 Ancient of Lore
08:41 Ancient of Lore
08:59 Ancient of Wonders
09:23 Moon Well
09:25 Moon Well
10:22 Moon Well
10:35 Ancient Protector
17:02 Ancient of War
17:04 Ancient of War
17:19 Ancient Protector
17:23 Ancient Protector
17:27 Tree of Ages
17:27 Tree of Ages
17:27 Tree of Ages
18:44 Tree of Life
22:20 Ancient Protector
25:33 Ancient Protector
25:34 Ancient Protector
26:11 Ancient of Wonders
26:29 Ancient Protector
26:31 Ancient Protector
26:53 Tree of Life
27:00 Ancient Protector
27:02 Ancient Protector
27:02 Ancient Protector
27:05 Ancient Protector
27:08 Ancient Protector
31:03 Tree of Life
» items
| Dust of Appearance | 2 | |
| Scroll of Town Portal | 8 | |
| Staff of Preservation | 5 | |
| Anti-magic Potion | 8 | |
| Orb of Venom | 1 | |
| Potion of Healing | 6 | |
30 total
walmartpimp (
yellow | 54 APM | 2204 actions | 40:54)
7 Archmage
3 Blizzard
3 Brilliance Aura
1 Mass Teleport
» actions
| Assign group hotkey | 59 | |
| Basic commands | 26 | |
| Build / train | 97 | |
| ESC pressed | 4 | |
| Enter build submenu | 44 | |
| Enter hero's abilities submenu | 7 | |
| Give item / drop item | 1 | |
| Remove unit from queue | 2 | |
| Right click | 553 | |
| Select / deselect | 329 | |
| Select group hotkey | 992 | |
| Use ability | 89 | |
2204 total
» units
| Peasant | 13 | |
| Footman | 7 | |
| Goblin Shredder | 1 | |
| Priest | 2 | |
| Knight | 3 | |
| Sorceress | 8 | |
| Rifleman | 6 | |
40 total
» upgrades
| Masonry | 3 | |
| Magic Sentry | 1 | |
| Lumber Harvesting | 2 | |
| Swords | 2 | |
| Plating | 2 | |
| Priest Training | 2 | |
| Animal War Training | 1 | |
| Sorceress Training | 2 | |
| Gunpowder | 2 | |
| Armor | 2 | |
| Long Rifles | 1 | |
20 total
» buildings
| Altar of Kings | 1 | |
| Farm | 10 | |
| Barracks | 3 | |
| Scout Tower | 18 | |
| Arcane Tower | 3 | |
| Arcane Vault | 1 | |
| Keep | 1 | |
| Lumber Mill | 1 | |
| Town Hall | 2 | |
| Guard Tower | 12 | |
| Castle | 1 | |
| Arcane Sanctum | 2 | |
| Blacksmith | 1 | |
56 total
» build order
00:21 Altar of Kings
00:36 Farm
00:37 Farm
00:51 Barracks
01:37 Farm
01:59 Scout Tower
02:14 Farm
02:21 Arcane Tower
03:39 Arcane Vault
04:29 Keep
04:50 Lumber Mill
05:39 Scout Tower
05:42 Scout Tower
05:44 Scout Tower
05:50 Town Hall
06:08 Guard Tower
06:10 Guard Tower
06:12 Guard Tower
06:15 Scout Tower
06:18 Scout Tower
06:24 Scout Tower
06:48 Guard Tower
06:53 Guard Tower
07:00 Guard Tower
07:34 Castle
07:52 Arcane Sanctum
08:41 Farm
08:42 Farm
08:46 Blacksmith
10:54 Barracks
11:16 Scout Tower
11:20 Scout Tower
11:25 Scout Tower
11:48 Barracks
12:09 Arcane Tower
12:23 Scout Tower
12:26 Scout Tower
12:28 Scout Tower
12:54 Farm
12:55 Farm
13:04 Farm
13:07 Farm
13:16 Arcane Tower
13:28 Guard Tower
14:34 Guard Tower
15:17 Scout Tower
15:18 Scout Tower
15:19 Scout Tower
15:51 Guard Tower
15:52 Guard Tower
16:19 Scout Tower
16:20 Scout Tower
16:27 Guard Tower
17:32 Guard Tower
18:59 Arcane Sanctum
21:51 Town Hall
» items
| Scroll of Regeneration | 2 | |
| Scroll of Town Portal | 2 | |
| Potion of Lesser Invulnerability | 1 | |
| Boots of Speed | 1 | |
| Scroll of Healing | 1 | |
| Potion of Healing | 2 | |
| Orb of Fire | 1 | |
10 total
team 2 (winner)
SunFury (
pink | 76 APM | 1866 actions | 24:27)
4 Blademaster
2 Critical Strike
2 Wind Walk
» actions
| Assign group hotkey | 83 | |
| Basic commands | 82 | |
| Build / train | 75 | |
| ESC pressed | 14 | |
| Enter build submenu | 14 | |
| Enter hero's abilities submenu | 4 | |
| Give item / drop item | 1 | |
| Right click | 1173 | |
| Select / deselect | 179 | |
| Select group hotkey | 161 | |
| Use ability | 80 | |
1866 total
» units
| Peon | 7 | |
| Raider | 26 | |
| Troll Batrider | 12 | |
45 total
» upgrades
» buildings
| Altar of Storms | 1 | |
| Orc Burrow | 7 | |
| Voodoo Lounge | 1 | |
| Stronghold | 4 | |
| War Mill | 1 | |
| Beastiary | 3 | |
| Fortress | 1 | |
18 total
» build order
00:05 Altar of Storms
00:21 Orc Burrow
00:51 Voodoo Lounge
01:30 Orc Burrow
02:27 Stronghold
02:27 Stronghold
02:28 Stronghold
03:21 War Mill
05:23 Beastiary
05:25 Beastiary
05:28 Beastiary
06:17 Orc Burrow
06:19 Orc Burrow
11:20 Fortress
22:21 Orc Burrow
22:27 Orc Burrow
23:23 Orc Burrow
» items
| Healing Salve | 4 | |
| Lesser Clarity Potion | 4 | |
| Circlet of Nobility | 2 | |
| Boots of Speed | 1 | |
| Potion of Invisibility | 1 | |
| Potion of Healing | 2 | |
| Potion of Mana | 1 | |
15 total
ComeBckGbyeJews (
blue | 76 APM | 3127 actions | 40:55)
9 Demon Hunter
3 Mana Burn
3 Evasion
1 Metamorphosis
2 Immolation
» actions
| Assign group hotkey | 24 | |
| Basic commands | 43 | |
| Build / train | 104 | |
| Enter build submenu | 35 | |
| Enter hero's abilities submenu | 9 | |
| Give item / drop item | 3 | |
| Remove unit from queue | 3 | |
| Right click | 1596 | |
| Select / deselect | 530 | |
| Select group hotkey | 659 | |
| Use ability | 121 | |
3127 total
» units
| Wisp | 32 | |
| Druid of the Talon | 12 | |
| Chimaera | 11 | |
55 total
» upgrades
| Ultravision | 1 | |
| Strength of the Wild | 3 | |
| Reinforced Hides | 3 | |
| Corrosive Breath | 1 | |
| Druid of the Talon Training | 2 | |
| Nature's Blessing | 1 | |
| Mark of the Talon | 1 | |
| Backpack | 1 | |
| Well Spring | 1 | |
| Hippogryph Taming | 1 | |
| Strength of the Moon | 3 | |
| Moon Armor | 3 | |
| Marksmanship | 1 | |
| Improved Bows | 1 | |
| Sentinel | 1 | |
| Upgrade Moon Glaive | 1 | |
| Vorpal Blades | 1 | |
| Spiked Barricades | 1 | |
| Ranged Weapons | 1 | |
| Armor | 1 | |
| Unholy Strength | 1 | |
| Unholy Armor | 1 | |
31 total
» buildings
| Altar of Elders | 1 | |
| Moon Well | 6 | |
| Hunter's Hall | 1 | |
| Tree of Ages | 1 | |
| Ancient Protector | 12 | |
| Tree of Eternity | 1 | |
| Ancient of Wind | 2 | |
| Chimaera Roost | 2 | |
| Ancient of Wonders | 1 | |
| Tree of Life | 2 | |
| Ancient of War | 1 | |
30 total
» build order
00:03 Altar of Elders
00:09 Moon Well
01:16 Moon Well
01:39 Hunter's Hall
02:53 Tree of Ages
04:15 Ancient Protector
05:31 Tree of Eternity
05:59 Ancient of Wind
07:40 Moon Well
07:54 Chimaera Roost
07:57 Chimaera Roost
07:59 Ancient of Wind
08:53 Ancient of Wonders
09:12 Moon Well
10:58 Tree of Life
11:16 Moon Well
12:42 Ancient Protector
12:46 Ancient Protector
13:43 Ancient Protector
15:01 Ancient Protector
15:35 Moon Well
17:58 Ancient of War
18:40 Ancient Protector
18:41 Ancient Protector
19:22 Ancient Protector
19:26 Ancient Protector
26:32 Tree of Life
30:40 Ancient Protector
31:08 Ancient Protector
31:09 Ancient Protector
» items
| Boots of Speed | 1 | |
| Orb of Venom | 2 | |
3 total
AucunePitie (
green | 78 APM | 3172 actions | 40:54)
10 Blademaster
3 Wind Walk
3 Critical Strike
1 Bladestorm
3 Mirror Image
» actions
| Assign group hotkey | 290 | |
| Basic commands | 25 | |
| Build / train | 106 | |
| Enter build submenu | 61 | |
| Enter hero's abilities submenu | 10 | |
| Give item / drop item | 6 | |
| Remove unit from queue | 1 | |
| Right click | 1762 | |
| Select / deselect | 445 | |
| Select group hotkey | 293 | |
| Use ability | 173 | |
3172 total
» units
| Peon | 22 | |
| Grunt | 3 | |
| Wind Rider | 19 | |
| Goblin Shredder | 1 | |
| Troll Batrider | 5 | |
| Acolyte | 1 | |
51 total
» upgrades
| Ranged Weapons | 3 | |
| Armor | 3 | |
| Pillage | 1 | |
| Troll Regeneration | 1 | |
| Reinforced Defenses | 1 | |
| Envenomed Spears | 1 | |
| Spiked Barricades | 2 | |
| Liquid Fire | 1 | |
| Burning Oil | 1 | |
14 total
» buildings
| Orc Burrow | 5 | |
| Altar of Storms | 1 | |
| Barracks | 1 | |
| Voodoo Lounge | 3 | |
| Stronghold | 1 | |
| Great Hall | 6 | |
| Beastiary | 5 | |
| War Mill | 2 | |
| Watch Tower | 55 | |
| Fortress | 1 | |
80 total
» build order
00:33 Orc Burrow
00:53 Altar of Storms
00:56 Barracks
01:27 Orc Burrow
01:42 Voodoo Lounge
02:56 Stronghold
05:27 Great Hall
05:52 Great Hall
06:02 Orc Burrow
06:03 Orc Burrow
07:49 Beastiary
07:51 Beastiary
07:54 War Mill
10:54 Watch Tower
10:54 Watch Tower
10:55 Watch Tower
10:55 Watch Tower
10:56 Watch Tower
10:57 Watch Tower
11:36 Watch Tower
11:41 Watch Tower
11:42 Watch Tower
11:42 Watch Tower
11:45 Watch Tower
12:42 Watch Tower
12:42 Watch Tower
12:43 Watch Tower
12:43 Watch Tower
12:43 Watch Tower
12:45 Watch Tower
12:46 Watch Tower
12:46 Watch Tower
12:49 Great Hall
12:50 Watch Tower
15:14 Watch Tower
15:14 Watch Tower
15:16 Watch Tower
15:16 Watch Tower
15:17 Watch Tower
15:19 Great Hall
15:20 Watch Tower
15:20 Watch Tower
15:21 Watch Tower
15:22 Watch Tower
15:37 Orc Burrow
15:47 Fortress
17:41 Voodoo Lounge
17:51 War Mill
21:59 Beastiary
21:59 Beastiary
22:01 Watch Tower
22:01 Watch Tower
22:01 Watch Tower
22:02 Watch Tower
22:03 Watch Tower
22:03 Watch Tower
22:08 Watch Tower
22:11 Beastiary
26:18 Watch Tower
26:19 Watch Tower
26:19 Watch Tower
26:19 Watch Tower
26:20 Watch Tower
26:21 Watch Tower
26:22 Watch Tower
26:23 Watch Tower
26:23 Watch Tower
26:23 Watch Tower
32:39 Great Hall
32:52 Great Hall
32:56 Watch Tower
32:56 Watch Tower
32:57 Watch Tower
32:57 Watch Tower
32:58 Watch Tower
32:58 Watch Tower
33:00 Watch Tower
33:01 Watch Tower
33:01 Watch Tower
34:27 Voodoo Lounge
» items
| Healing Salve | 7 | |
| Lesser Clarity Potion | 6 | |
| Boots of Speed | 1 | |
| Potion of Healing | 3 | |
| Scroll of Town Portal | 4 | |
| Orb of Lightning | 1 | |
| Potion of Mana | 2 | |
| Periapt of Vitality | 1 | |
25 total

»
pattier (
purple | 49 APM | 1195 actions | 24:22)
4 Death Knight
2 Death Coil
2 Unholy Aura
1 Lich
1 Frost Armor
» actions
| Assign group hotkey | 30 | |
| Build / train | 72 | |
| Enter build submenu | 18 | |
| Enter hero's abilities submenu | 5 | |
| Right click | 618 | |
| Select / deselect | 153 | |
| Select group hotkey | 253 | |
| Use ability | 46 | |
1195 total
» units
| Acolyte | 12 | |
| Ghoul | 4 | |
| Crypt Fiend | 18 | |
| Obsidian Statue | 4 | |
| Frost Wyrm | 6 | |
44 total
» upgrades
| Creature Attack | 3 | |
| Creature Carapace | 3 | |
| Web | 1 | |
| Freezing Breath | 1 | |
8 total
» buildings
| Altar of Darkness | 1 | |
| Crypt | 2 | |
| Ziggurat | 7 | |
| Graveyard | 1 | |
| Tomb of Relics | 1 | |
| Nerubian Tower | 2 | |
| Spirit Tower | 4 | |
| Halls of the Dead | 1 | |
| Black Citadel | 1 | |
| Slaughterhouse | 1 | |
| Sacrificial Pit | 1 | |
| Boneyard | 2 | |
| Necropolis | 1 | |
25 total
» build order
01:17 Altar of Darkness
01:21 Crypt
01:24 Ziggurat
01:34 Crypt
01:42 Graveyard
01:52 Ziggurat
03:28 Tomb of Relics
03:48 Ziggurat
03:57 Nerubian Tower
05:58 Ziggurat
06:28 Spirit Tower
07:18 Halls of the Dead
07:45 Spirit Tower
09:44 Black Citadel
09:49 Slaughterhouse
10:50 Sacrificial Pit
12:49 Boneyard
13:00 Boneyard
13:08 Ziggurat
13:22 Ziggurat
13:37 Ziggurat
13:47 Necropolis
23:01 Nerubian Tower
23:02 Spirit Tower
23:06 Spirit Tower
» items
| Lesser Clarity Potion | 2 | |
| Healing Salve | 3 | |
5 total
Chat log
(00:49 / All) ComeBckGbyeJews: i like mountain giants
(00:53 / All) ComeBckGbyeJews: 300 food of them
(00:59 / All) GOKU-OWNS-FREZA: on cherryville
(01:02 / All) ComeBckGbyeJews: yes
(01:55 / Allies) pattier: hey
(01:58 / Allies) ComeBckGbyeJews: sup babe
(01:59 / Allies) pattier: plan/units?
(02:12 / Allies) ComeBckGbyeJews: chim/dot
(02:21 / Allies) pattier: fiends/stats/frosties
(02:40 / Allies) AucunePitie: Oh shit killa
(02:44 / Allies) AucunePitie: you tryin' win a game?
(03:13 / All) AucunePitie: nice harass retard
(03:22 / All) ComeBckGbyeJews: sick hero rush
(03:43 / All) AucunePitie: we have a psycho murderer on the loose
(03:49 / Allies) SunFury: fuck
(03:51 / All) AucunePitie: OH MY GOD
(03:51 / Allies) ComeBckGbyeJews: raped
(03:59 / Allies) SunFury: sorry :S
(05:08 / All) AucunePitie: that was sick
(09:04 / Allies) ComeBckGbyeJews: I'm expoing here
(14:20 / All) AucunePitie: You picked a fight red
(16:41 / All) AucunePitie: YOu're dead nigger
(16:49 / All) AucunePitie: Leave
(17:06 / All) AucunePitie: Leave faggot
(18:37 / All) AucunePitie: You want some orange?
(18:43 / All) AucunePitie: Bring it
(19:05 / All) AucunePitie: come on in
(21:20 / All) AucunePitie: keep trying
(21:58 / Allies) ComeBckGbyeJews: You took my moonjuice, faggot
(22:01 / Allies) ComeBckGbyeJews: Now you pay the price
(22:06 / All) SunFury: ¬¬
(26:40 / All) AucunePitie: repair it orange
(26:41 / All) AucunePitie: Repair it
(28:08 / All) AucunePitie: Worth it
(28:16 / All) ComeBckGbyeJews: Tp to your expo quick, faggot
(28:33 / All) ComeBckGbyeJews: nice
(28:38 / All) ComeBckGbyeJews: didn't kill 1 chim
(29:53 / All) ComeBckGbyeJews: sick attack brah
(29:59 / All) ComeBckGbyeJews: killed 0 units for all of yours
(30:01 / All) ComeBckGbyeJews: free xp TY
(30:07 / All) walmartpimp: we have one guy not doing anything
(30:11 / All) ComeBckGbyeJews: you?
(30:22 / All) walmartpimp: so your are not all that cool
(30:27 / All) walmartpimp: its your ally on our side
(30:30 / All) ComeBckGbyeJews: Speak English faggot
(30:34 / All) ComeBckGbyeJews: That sentence makes no sense
(30:42 / All) walmartpimp: yeah it does
(30:48 / All) ComeBckGbyeJews: To a Hun, maybe
(30:49 / All) walmartpimp: unless you are hispanic
(31:01 / All) ComeBckGbyeJews: Shut up, plebeian. I am the white master race
(31:07 / All) walmartpimp: sure you are
(31:20 / All) ComeBckGbyeJews: In my blood are the godellic and that of Rome
(31:36 / All) walmartpimp: think you are cool showing you colors on warcraft?
(31:45 / All) walmartpimp: because you are a pussy in real life
(31:46 / All) ComeBckGbyeJews: My colour is blue
(31:53 / All) ComeBckGbyeJews: In this match of Warcraft
(31:58 / All) walmartpimp: get on warcraft to talk shit
(31:59 / All) walmartpimp: pussy
(32:00 / All) ComeBckGbyeJews: Should we all use neutral hostile colours?
(32:09 / All) ComeBckGbyeJews: We raped you with 300 food of mountain giants before
(32:14 / All) ComeBckGbyeJews: You have no right to shit talk us
(32:32 / All) walmartpimp: you only do on warcraft
(32:37 / All) walmartpimp: cause you will get your ass kicked
(32:45 / All) ComeBckGbyeJews: OF COURSE I only have 300 food mountain giants in Warcraft, fucking freak
(32:57 / All) walmartpimp: wow
(33:00 / All) walmartpimp: pussy
(33:06 / All) walmartpimp: warcraft hider
(33:14 / All) walmartpimp: computer pussy
(33:21 / All) GOKU-OWNS-FREZA: IM POsitive we played yellow
(33:26 / All) GOKU-OWNS-FREZA: in that 300 food mountain giant game
(33:26 / All) ComeBckGbyeJews: ez son, get raped
(33:33 / All) GOKU-OWNS-FREZA: yellow out of gold
(33:40 / All) walmartpimp: yeah talk more shit on a computer
(33:45 / All) ComeBckGbyeJews: I shall
(33:46 / All) walmartpimp: real life pussy
(33:49 / All) ComeBckGbyeJews: Shit-flinging monkey
(33:53 / All) walmartpimp: real life pussy
(34:06 / All) ComeBckGbyeJews: Get more variety in your insults, you god damned fucking retard
(34:11 / All) GOKU-OWNS-FREZA: it is tim efor u to leave yellow
(34:13 / All) GOKU-OWNS-FREZA: u embarassed us
(34:15 / All) walmartpimp: oh you are so hard on a keyboard
(34:17 / All) ComeBckGbyeJews: get
(34:17 / All) ComeBckGbyeJews: the
(34:18 / All) ComeBckGbyeJews: fuck
(34:20 / All) ComeBckGbyeJews: oyt
(34:20 / All) walmartpimp: hard on a keyboard
(34:21 / All) ComeBckGbyeJews: get
(34:22 / All) ComeBckGbyeJews: the
(34:22 / All) walmartpimp: Pussy
(34:22 / All) ComeBckGbyeJews: fuck
(34:23 / All) ComeBckGbyeJews: out
(34:49 / All) walmartpimp: TOUGH ONLY ON A KEYBOARD
(34:53 / All) ComeBckGbyeJews: lol
(34:59 / All) ComeBckGbyeJews: better than weak in both
(35:00 / All) walmartpimp: TOUGH ONLY ON A KEYBOARD
(35:04 / All) walmartpimp: TOUGH ONLY ON A KEYBOARD
(35:07 / All) walmartpimp: TOUGH ONLY ON A KEYBOARD
(35:09 / All) walmartpimp: TOUGH ONLY ON A KEYBOARD
(35:12 / All) walmartpimp: TOUGH ONLY ON A KEYBOARD
(35:13 / All) AucunePitie: How mad you are bro?
(35:15 / All) walmartpimp: TOUGH ONLY ON A KEYBOARD
(35:18 / All) walmartpimp: TOUGH ONLY ON A KEYBOARD
(35:20 / All) walmartpimp: TOUGH ONLY ON A KEYBOARD
(35:21 / All) ComeBckGbyeJews: He is mad as shit right now
(35:21 / All) walmartpimp: TOUGH ONLY ON A KEYBOARD
(35:22 / All) AucunePitie: are you easy computer?
(35:23 / All) walmartpimp: TOUGH ONLY ON A KEYBOARD
(35:24 / All) walmartpimp: TOUGH ONLY ON A KEYBOARD
(35:26 / All) walmartpimp: TOUGH ONLY ON A KEYBOARD
(35:28 / All) walmartpimp: TOUGH ONLY ON A KEYBOARD
(35:29 / All) walmartpimp: TOUGH ONLY ON A KEYBOARD
(35:30 / All) walmartpimp: TOUGH ONLY ON A KEYBOARD
(35:32 / All) walmartpimp: TOUGH ONLY ON A KEYBOARD
(35:40 / All) walmartpimp: REAL LIFE PUSSY
(35:44 / All) walmartpimp: REAL LIFE PUSSY
(35:46 / All) walmartpimp: REAL LIFE PUSSY
(35:47 / All) GOKU-OWNS-FREZA: i wont be satisifed until yellow concedes he remembers our game with 300 mountain giants on this exact map
(35:55 / All) walmartpimp: REAL LIFE PUSSY
(35:58 / All) walmartpimp: REAL LIFE PUSSY
(36:02 / All) walmartpimp: REAL LIFE PUSSY
(36:02 / All) AucunePitie: How mad you are right now bro?
(36:03 / All) walmartpimp: TOUGH ONLY ON A KEYBOARD
(36:06 / All) walmartpimp: TOUGH ONLY ON A KEYBOARD
(36:16 / All) walmartpimp: im mad you are such a pussy in real life
(36:20 / All) ComeBckGbyeJews: hahaha
(36:21 / All) walmartpimp: care less about the game
(36:28 / All) AucunePitie: cool story bro search the game
(36:33 / All) walmartpimp: TOUGH ONLY ON A KEYBOARD
(36:35 / All) walmartpimp: TOUGH ONLY ON A KEYBOARD
(36:36 / All) walmartpimp: TOUGH ONLY ON A KEYBOARD
(36:37 / All) walmartpimp: TOUGH ONLY ON A KEYBOARD
(36:39 / All) walmartpimp: TOUGH ONLY ON A KEYBOARD
(36:40 / All) walmartpimp: TOUGH ONLY ON A KEYBOARD
(36:41 / All) walmartpimp: TOUGH ONLY ON A KEYBOARD
(36:42 / All) walmartpimp: TOUGH ONLY ON A KEYBOARD
(36:43 / All) ComeBckGbyeJews: lmfao
(36:43 / All) walmartpimp: TOUGH ONLY ON A KEYBOARD
(36:50 / All) walmartpimp: pimple faced pussy
(37:13 / All) ComeBckGbyeJews: Have you ever seen a woman with a pussy covered in pimples? I didn't know that existed. You taught me something new
(37:24 / All) walmartpimp: PUSSSSSSY
(37:31 / All) ComeBckGbyeJews: Maybe she enjoys 300 food mountain giant gangbangs, too!
(37:31 / All) walmartpimp: HIDE BEHIND A COMPUTER
(37:34 / All) ComeBckGbyeJews: You can be friends
(37:46 / All) walmartpimp: TALK SHIT ON A COMPUTER CAUSE YOU HAVE NO GAME IN REAL LIFE
(37:54 / All) ComeBckGbyeJews: I have WC3 on my desk son
(37:56 / All) ComeBckGbyeJews: In its case
(38:06 / All) walmartpimp: I WOULDNT DOUBT IT
(38:09 / All) walmartpimp: pussy
(38:17 / All) ComeBckGbyeJews: You said I have no games in real life. Obviously that is unexpected
(38:25 / All) walmartpimp: NOPE YOU DONT
(38:33 / All) ComeBckGbyeJews: Then how am I playing WC3, son?
(38:49 / All) walmartpimp: SUCH A PUSSY BRO
(38:55 / All) ComeBckGbyeJews: I am the brother of many a pussy
(39:10 / All) walmartpimp: YOU GOT NO GAME BRO
(39:17 / All) AucunePitie: You are so mad right now bro you punching the wall?
(39:19 / All) ComeBckGbyeJews: I got wc3 son
(39:20 / All) walmartpimp: GET YOUR ASS KICKED IN REAL LIFE TOO MANY TIMES
(39:23 / All) AucunePitie: IS DEEZER SON
(39:29 / All) ComeBckGbyeJews: My cheese is stronger son
(39:31 / All) walmartpimp: SO TURNED TO Wc
(39:39 / All) AucunePitie: I punch you your glasses will shatter in a million different pieces
(39:42 / All) walmartpimp: PEOPLE KEEP BEATING YOU UP AT SCHOOL
(39:55 / All) walmartpimp: PULL YOUR UNDERWEAR OVER YOUR HEAD BRO
(40:01 / All) walmartpimp: TOO MANY TIMES
(40:16 / All) walmartpimp: FLUSHED YOUR HEAD DOWN THE TOILET
(40:19 / All) walmartpimp: TOO MANY TIMES
(40:27 / All) ComeBckGbyeJews: I don't work with animals. Borous, translate
(40:37 / All) walmartpimp: AHHAHAHAAHAHA
(40:44 / All) walmartpimp: LISTEN TO THIS CHUMP